 Dungeon Crawl Stone Soup version 0.25-a0-263-g9d16a9d099 (webtiles) character file.

Game seed: 1629842620355470698, levelgen mode: classic

2 EnegeticOcto the Vexing (level 1, 0/13 HPs)
             Began as a Barachi Enchanter on Dec 7, 2019.
             Slain by a hobgoblin (1 damage)
             ... on level 1 of the Dungeon.
             The game lasted 00:01:04 (198 turns).

EnegeticOcto the Vexing (Barachi Enchanter)          Turns: 198, Time: 00:01:05

Health: 0/13       AC:  2    Str:  9    XL:     1   Next: 40%
Magic:  0/3        EV: 12    Int: 15    God:
Gold:   0          SH:  0    Dex: 12    Spells: 3/4 levels left

rFire    . . .     SeeInvis .   a - +1 dagger
rCold    . . .     Gourm    .   (no shield)
rNeg     . . .     Faith    .   b - +0 robe
rPois    .         Spirit   .   (no helmet)
rElec    .         Reflect  .   (no cloak)
rCorr    .         Harm     .   (no gloves)
MR       .....                  (no boots)
Stlth    ++........             (no amulet)
HPRegen  0.04/turn              (no ring)
MPRegen  0.08/turn              (no ring)

@: can't hop, slow
A: +LOS, swims, slowness 1, strong legs 1
a: Hop


You were on level 1 of the Dungeon.
You were not hungry.

You visited 1 branch of the dungeon, and saw 1 of its levels.

Inventory:

Hand Weapons
 a - a +1 dagger (weapon)
Armour
 b - a +0 robe (worn)
Comestibles
 e - 2 rations


   Skills:
 - Level 1.1 Short Blades
 - Level 2.1 Dodging
 + Level 2.9 Stealth
 - Level 2.1 Spellcasting
 - Level 3.2 Hexes


You had 3 spell levels left.
You knew the following spells:

 Your Spells              Type           Power        Failure   Level  Hunger
a - Corona                Hex            ##.....      5%          1    #......

Your spell library contained the following spells:

 Spells                   Type           Power        Failure   Level  Hunger
 Ensorcelled Hibernation  Hex/Ice        #.....       17%         2    ###....
 Confuse                  Hex            ##......     17%         3    ###....
 Tukima's Dance           Hex            ##......     17%         3    ###....
 Dazzling Flash           Conj/Hex       #.....       32%         3    ###....


Dungeon Overview and Level Annotations

Branches:
Dungeon (1/15)

Altars:


Innate Abilities, Weirdness & Mutations

You can be seen from farther away. (+LOS)
You can swim through water.
You cover ground slowly.
You can hop short distances.


Message History

Press: ? - help, Shift-Dir - straight line, f/p - bat
Aim: a bat (chance to defeat MR: 64%)
The bat barely resists.
The bat hits you but does no damage. The bat hits you.
You miss the bat. The bat closely misses you.
Casting: Corona (safe; 5% risk of failure)
Confirm with . or Enter, or press ? or * to list all spells.
Aiming: Corona (safe; 5% risk of failure)
Press: ? - help, Shift-Dir - straight line, f/p - bat
Aim: a bat (chance to defeat MR: 64%)
The bat is outlined in light.
The bat misses you. The bat misses you.
No target in view!
You hit the bat but do no damage. The bat barely misses you.
You closely miss the bat. The bat hits you but does no damage.
You hit the bat.
The bat is heavily wounded.
The bat closely misses you. The bat misses you.
You hit the bat.
The bat is severely wounded.
The bat stops glowing.
The bat hits you. The bat closely misses you.
Casting: Corona (safe; 5% risk of failure)
Confirm with . or Enter, or press ? or * to list all spells.
Aiming: Corona (safe; 5% risk of failure)
Press: ? - help, Shift-Dir - straight line, f/p - bat
Aim: a bat (heavily wounded, chance to defeat MR: 64%)
The bat barely resists.
The bat hits you but does no damage. The bat hits you.
The bat closely misses you.
You hit the bat.
You kill the bat!
No target in view!
You start resting.
Magic restored.
HP restored.
A hobgoblin comes into view.
Found 19 gold pieces.
Casting: Corona (safe; 5% risk of failure)
Confirm with . or Enter, or press ? or * to list all spells.
Aiming: Corona (safe; 5% risk of failure)
Press: ? - help, Shift-Dir - straight line, f - hobgoblin
Aim: a hobgoblin (chance to defeat MR: 64%)
The hobgoblin barely resists.
Casting: Corona (safe; 5% risk of failure)
Confirm with . or Enter, or press ? or * to list all spells.
Aiming: Corona (safe; 5% risk of failure)
Press: ? - help, Shift-Dir - straight line, f/p - hobgoblin
Aim: a hobgoblin (chance to defeat MR: 64%)
The hobgoblin is outlined in light.
You closely miss the hobgoblin. The hobgoblin hits you.
You completely miss the hobgoblin. The hobgoblin hits you.
You hit the hobgoblin.
The hobgoblin is moderately wounded.
The hobgoblin hits you.
* * * LOW HITPOINT WARNING * * *
Hop to where?
Press: ? - help, Dir - move target cursor, p - hobgoblin Boing!
You aren't carrying any potions.
Casting: Corona (safe; 5% risk of failure)
Confirm with . or Enter, or press ? or * to list all spells.
Aiming: Corona (safe; 5% risk of failure)
Press: ? - help, Shift-Dir - straight line, f - hobgoblin
Aim: a hobgoblin (sparse dust, softly glowing, chance to defeat MR: 64%)
The hobgoblin glows brighter.
Found a scroll labeled RAWIGU JIMEGE.
A goblin comes into view. It is wielding a +0 dagger.
Found 10 gold pieces.
You see here a scroll labeled RAWIGU JIMEGE.
As you read the scroll labeled RAWIGU JIMEGE, it crumbles to dust.
It is a scroll of identify.
You don't have any unidentified items.
The goblin hits you but does no damage.
Casting: Corona (safe; 5% risk of failure)
Confirm with . or Enter, or press ? or * to list all spells.
Aiming: Corona (safe; 5% risk of failure)
Press: ? - help, Shift-Dir - straight line, f/p - hobgoblin
Aim: a hobgoblin (chance to defeat MR: 64%)
The goblin is outlined in light.
The goblin hits you with a +0 dagger.
* * * LOW HITPOINT WARNING * * *
You hit the goblin but do no damage. The goblin hits you with a +0 dagger.
* * * LOW HITPOINT WARNING * * *
You hit the goblin.
The goblin is moderately wounded.
The goblin barely misses you.
You hit the goblin.
You kill the goblin!
Casting: Corona (safe; 5% risk of failure)
Confirm with . or Enter, or press ? or * to list all spells.
Aiming: Corona (safe; 5% risk of failure)
Press: ? - help, Shift-Dir - straight line, f/p - hobgoblin
Aim: a hobgoblin (chance to defeat MR: 64%)
The hobgoblin is outlined in light.
The hobgoblin barely misses you.
You hit the hobgoblin but do no damage. The hobgoblin closely misses you.
You hit the hobgoblin.
The hobgoblin is almost dead.
The hobgoblin barely misses you.
You hit the hobgoblin but do no damage.
The hobgoblin is almost dead.
The hobgoblin hits you.
You die...

##..####.#####.#
.# #.# #.# ..
..# #.# ... ####
#.# ##. #.# .#
#.# #.#
#####.#####
#.....g@..#
#.###.###.# #..#
# #...# ......
#.#...# #..$...
####.## #.


You could see a hobgoblin.

Vanquished Creatures
  A bat (D:1)
  A goblin (D:1)
2 creatures vanquished.

Notes
Turn   | Place    | Note
-------+----------+-------------------------------------------
     0 | D:1      | EnegeticOcto the Barachi Enchanter began the quest for the
                  | Orb.
     0 | D:1      | Reached XP level 1. HP: 13/13 MP: 3/3
   198 | D:1      | Slain by a hobgoblin

Levels and vault maps discovered:
D:1:      zelgadis_glass_arrival_small, layout_loops_corners, st_stairs_6

Action                   || total
-------------------------++-------
Melee: Dagger            ||    15
 Cast: Corona            ||     9
 Abil: Hop               ||     1
  Use: Scroll            ||     1
Armor: Robe              ||     4
Dodge: Dodged            ||    14

Table legend:
 A = Non-vault XP
 B = Vault XP
 C = Vault XP percentage of total XP
 D = Non-vault monster count
 E = Vault monster count
 F = Vault count percentage of total count
                 A         B        C        D         E       F
            +---------+---------+-------+---------+---------+-------
      Total |       4 |       0 |   0.0 |       2 |       0 |   0.0
            +---------+---------+-------+---------+---------+-------
        D:1 |       4 |       0 |   0.0 |       2 |       0 |   0.0
            +---------+---------+-------+---------+---------+-------
